Map: [ESL] Inside and Out

Players

Solar

  • Race: Zerg Zerg
  • League: Master
  • Spawn Location: 7:00

LiquidClem (Clem) - Winner!

  • Race: Terran Terran
  • League: Master
  • Spawn Location: 1:00

VOD

Have the link to the VOD?

Description

Time

  • Played on: Nov. 3, 2022, 12:21 p.m.
  • Length: 13:24
Show
View Real Time Build Order
Export as new Build Order

Solar Zerg 

Build Orders: Hatch First 

Get SALT Encoding   

  12  0:00  Drone  
  13  0:12  Overlord  
  13  0:17  Drone  
  14  0:31  Drone x2  
  16  0:47  Hatchery  
  15  0:51  Drone  
  15  0:54  Drone  
  17  0:57  Drone  
  18  1:09  Extractor  
  17  1:13  Spawning Pool  
  17  1:16  Drone  
  17  1:19  Drone  
  18  1:28  Drone  
  19  1:39  Drone  
  20  1:50  Drone  
  21  2:00  Queen x2  
  25  2:04  Zergling x4  
  27  2:10  Zergling x2  
  27  2:11  Overlord  
  28  2:20  Hatchery  
  27  2:24  Drone  
  28  2:31  Drone  
  28  2:35  Queen  
  28  2:36  Drone  
  32  2:44  Overlord  
  32  2:46  Drone x2  
  32  2:51  Metabolic Boost  
  34  2:55  Drone x2  
  36  3:03  Drone  
  36  3:04  Drone  
  38  3:09  Drone x3  
  41  3:14  Queen  
  41  3:17  Overlord  
  43  3:21  Drone  
  44  3:32  Queen, Overlord  
  46  3:34  Queen  
  46  3:37  Drone  
  46  3:40  Drone  
  46  3:41  Drone  
  51  3:42  Drone  
  51  3:46  Drone  
  51  3:48  Drone x2  
  55  3:49  Drone x2  
  55  3:53  Overlord  
  57  3:56  Drone x2  
  57  4:00  Drone x2  
  57  4:01  Drone  
  62  4:06  Zergling x2  
  62  4:07  Zergling x2  
  64  4:13  Queen  
  64  4:15  Queen  
  68  4:18  Drone x2, Overlord  
  68  4:19  Drone  
  73  4:24  Drone x3  
  73  4:27  Lair  
  73  4:30  Overlord  
  74  4:33  Extractor  
  74  4:34  Extractor  
  74  4:35  Spore Crawler  
  74  4:36  Drone x2  
  74  4:37  Spore Crawler  
  72  4:40  Baneling Nest  
  72  4:43  Spore Crawler, Drone  
  72  4:45  Zergling x6  
  74  4:49  Drone  
  74  4:50  Drone x2  
  77  4:52  Queen  
  77  4:54  Zergling x2  
  77  4:57  Drone x2  
  77  4:58  Drone  
  83  5:01  Overlord  
  83  5:03  Drone x2  
  83  5:05  Drone  
  83  5:06  Drone x2  
  88  5:12  Drone  
  88  5:13  Drone  
  88  5:14  Overlord, Evolution Chamber x2  
  89  5:17  Drone  
  89  5:20  Overlord  
  89  5:21  Drone x3  
  91  5:23  Drone  
  91  5:24  Drone  
  91  5:28  Overseer  
  94  5:31  Extractor  
  94  5:32  Extractor  
  92  5:39  Drone x2  
  92  5:40  Drone x3  
  92  5:41  Overlord  
  97  5:43  Drone x2  
  99  5:51  Zergling x10  
  104  5:57  Centrifugal Hooks  
  104  5:58  Zerg Ground Armor Level 1, Zerg Melee Weapons Level 1  
  104  6:02  Zergling x6  
  107  6:08  Drone x2  
  108  6:13  Drone  
  108  6:14  Drone x3  
  108  6:16  Overlord  
  111  6:19  Zergling x4  
  111  6:21  Overlord  
  111  6:23  Overlord  
  111  6:26  Extractor  
  111  6:27  Overlord  
  111  6:28  Zergling x6  
  111  6:30  Baneling x12  
  111  6:32  Hatchery  
  110  6:37  Zergling x6  
  110  6:39  Baneling x2  
  113  6:46  Overlord  
  113  6:47  Zergling x16  
  113  6:49  Hatchery  
  121  6:54  Zergling x6  
  121  6:59  Zergling x2  
  125  7:03  Zergling x4, Baneling x2  
  127  7:08  Hydralisk Den  
  127  7:10  Spore Crawler  
  127  7:12  Zergling x6  
  127  7:15  Baneling x6  
  127  7:19  Zergling x6  
  127  7:20  Overlord  
  129  7:25  Zergling x10  
  129  7:27  Drone  
  129  7:28  Drone  
  128  7:32  Drone  
  128  7:36  Overlord  
  129  7:39  Zergling x2  
  130  7:44  Grooved Spines  
  130  7:45  Drone x3  
  130  7:46  Zergling x2  
  130  7:49  Drone x3  
  130  7:50  Zergling x8  
  141  7:51  Hatchery  
  141  7:53  Zerg Ground Armor Level 2  
  141  7:54  Zerg Melee Weapons Level 2, Extractor  
  141  7:55  Zergling x2  
  140  7:58  Overseer  
  140  8:01  Hydralisk x3  
  140  8:02  Infestation Pit  
  145  8:06  Baneling  
  145  8:07  Zergling x4, Baneling  
  145  8:11  Drone  
  145  8:12  Drone  
  149  8:15  Zergling x6  
  149  8:17  Drone  
  149  8:18  Zergling x4, Extractor  
  154  8:23  Pneumatized Carapace  
  154  8:25  Hydralisk x3  
  160  8:27  Zergling x2  
  160  8:31  Drone x4  
  160  8:33  Baneling x3  
  160  8:34  Baneling, Overlord  
  165  8:35  Overseer  
  165  8:36  Overlord  
  165  8:39  Zergling x2  
  164  8:44  Baneling x4  
  164  8:49  Overlord  
  164  8:51  Zergling x8  
  164  8:52  Zergling x2  
  164  8:54  Overlord  
  167  8:55  Muscular Augments  
  167  8:59  Baneling x2  
  167  9:01  Hive  
  167  9:04  Drone  
  167  9:05  Hydralisk, Drone x3  
  167  9:06  Zergling x8, Hydralisk x2  
  180  9:12  Zergling x10  
  185  9:18  Zergling x8  
  185  9:23  Zergling x2  
  188  9:27  Baneling x9  
  188  9:31  Hydralisk x3  
  187  9:32  Zergling x12  
  187  9:35  Zergling x6, Hatchery  
  187  9:38  Zergling x2  
  199  9:39  Zergling x2  
  199  9:40  Zergling x2  
  199  9:42  Baneling x7  
  199  9:51  Lurker Den  
  195  9:54  Zergling x14  
  199  10:01  Baneling  
  199  10:08  Zergling x6  
  199  10:11  Overlord x3  
  198  10:20  Zerg Ground Armor Level 3, Zerg Missile Weapons Level 1  
  196  10:25  Viper x2  
  196  10:27  Zergling x20  
  181  10:30  Zergling x12  
  181  10:35  Baneling x7, Hydralisk x3  
  170  10:36  Zergling x2  
  170  10:37  Zergling x4  
  170  10:40  Zergling x6  
  176  10:44  Zergling x2  
  176  10:47  Zergling x2  
  174  10:54  Zergling x6  
  166  10:58  Lurker x3  
  166  11:00  Zergling x2, Baneling x14  
  166  11:01  Zergling x8  
  166  11:02  Spore Crawler  
  168  11:04  Zergling x6  
  168  11:08  Zergling x4  
  171  11:13  Zergling x8  
  171  11:15  Baneling x8  
  167  11:19  Zergling x6  
  149  11:33  Zergling x16  
  147  11:40  Zergling x6  
  147  11:44  Zergling x8  
  147  11:45  Zergling x4  
  147  11:46  Baneling  
  147  11:47  Baneling  
  155  11:48  Hatchery  
  155  11:50  Hatchery  
  155  11:52  Zergling x4  
  156  11:57  Zergling x2  
  156  11:58  Zergling x2  
  158  12:01  Zergling x4  
  158  12:02  Seismic Spines, Extractor  
  158  12:03  Zergling x6  
  158  12:05  Baneling x5  
  158  12:08  Zergling x10  
  167  12:13  Zergling x8  
  171  12:18  Zergling x4  
  171  12:20  Baneling x8  
  173  12:24  Zergling x4  
  165  12:32  Zergling x10  
  165  12:33  Zergling x2  
  157  12:37  Baneling x3  
  157  12:39  Zergling x8  
  157  12:42  Overlord  
  157  12:43  Zergling x4  
  159  12:49  Zergling x2  
  137  12:53  Hydralisk x3  
Show
View Real Time Build Order
Export as new Build Order

LiquidClem Terran - Winner!

Build Orders: Gas First Reaper Expand, Hellion Banshee 

Get SALT Encoding   

  12  0:00  SCV  
  13  0:12  SCV  
  14  0:17  Supply Depot  
  14  0:24  SCV  
  15  0:29  Refinery  
  15  0:38  SCV  
  16  0:43  Barracks  
  16  0:50  SCV  
  17  1:02  SCV  
  18  1:14  SCV  
  19  1:30  Reaper, Orbital Command  
  20  1:41  Command Center  
  20  1:50  Supply Depot  
  20  1:56  SCV  
  22  2:09  SCV, Factory  
  22  2:10  Barracks Reactor  
  22  2:18  Refinery  
  22  2:21  SCV  
  23  2:33  SCV  
  24  2:45  SCV  
  25  2:54  Starport, Orbital Command  
  25  2:58  SCV  
  26  2:59  Hellion x2  
  26  3:02  Barracks Tech Lab  
  30  3:10  SCV  
  31  3:19  SCV  
  32  3:21  Hellion x2  
  32  3:22  Supply Depot, SCV  
  37  3:33  SCV  
  39  3:34  SCV  
  39  3:39  Banshee  
  41  3:43  Cloaking Field  
  41  3:44  Hellion  
  41  3:45  SCV  
  41  3:46  SCV, Hellion  
  47  3:49  Barracks Tech Lab  
  47  3:54  Supply Depot  
  47  3:57  SCV  
  47  3:58  SCV  
  49  4:08  Stimpack  
  49  4:09  Hellion x2, SCV  
  54  4:15  SCV, Marine  
  56  4:19  Supply Depot  
  56  4:22  Banshee  
  56  4:23  SCV  
  60  4:27  SCV  
  61  4:36  SCV  
  61  4:37  Command Center  
  62  4:42  Factory Reactor  
  62  4:43  Barracks  
  62  4:44  SCV  
  63  4:48  Barracks  
  63  4:49  SCV  
  63  4:50  Marine  
  65  4:56  SCV  
  66  5:00  Supply Depot  
  66  5:01  SCV  
  67  5:08  Supply Depot, SCV, Marine  
  67  5:10  Engineering Bay  
  67  5:11  Engineering Bay  
  69  5:14  SCV  
  69  5:15  Refinery  
  69  5:19  Starport Reactor  
  70  5:21  SCV  
  70  5:22  Barracks  
  70  5:25  Barracks  
  70  5:26  SCV  
  72  5:32  Refinery  
  72  5:33  SCV  
  72  5:34  Marine x2  
  75  5:36  Marine  
  75  5:38  Terran Infantry Weapons Level 1  
  75  5:39  Terran Infantry Armor Level 1  
  75  5:41  SCV  
  77  5:43  Marine x2  
  79  5:50  Siege Tank  
  79  5:51  SCV  
  79  5:54  SCV  
  79  5:56  Marine  
  85  5:57  Supply Depot  
  85  5:59  Marine x2  
  85  6:00  Medivac  
  85  6:02  Medivac  
  85  6:03  SCV  
  92  6:09  Marine  
  92  6:11  Marine  
  94  6:12  Barracks Reactor, SCV  
  94  6:13  Barracks Reactor  
  94  6:15  SCV  
  94  6:17  Orbital Command  
  94  6:21  Marine x2  
  94  6:25  SCV  
  97  6:26  Armory  
  97  6:27  SCV  
  97  6:28  Siege Tank  
  97  6:29  Marine  
  97  6:30  Marine  
  101  6:37  Supply Depot x2, SCV  
  101  6:39  SCV  
  103  6:42  Marine x3  
  103  6:43  SCV  
  107  6:47  Marine x2  
  109  6:58  SCV x2, Medivac, Marine x4  
  109  6:59  Medivac  
  109  7:00  Supply Depot x2, Marine  
  120  7:05  Supply Depot, Siege Tank  
  120  7:06  SCV  
  124  7:10  Marine  
  125  7:17  SCV  
  125  7:18  Barracks x2, Marine  
  125  7:21  Marine x7  
  132  7:28  Marine  
  114  7:31  Medivac x2  
  114  7:33  Barracks  
  114  7:35  Supply Depot, Marine  
  119  7:37  Combat Shield  
  119  7:39  Marine x3  
  119  7:40  Terran Infantry Weapons Level 2  
  119  7:42  Marine  
  123  7:48  Marine x4  
  127  7:51  Siege Tank  
  127  7:53  Marine  
  127  7:57  Supply Depot, Marine  
  132  7:59  Marine x2  
  132  8:00  Marine  
  132  8:02  Supply Depot  
  132  8:03  Supply Depot  
  135  8:06  Terran Infantry Armor Level 2  
  135  8:07  Marine x3  
  135  8:09  Marine  
  135  8:11  Marine  
  142  8:14  Marine  
  142  8:18  Barracks Reactor  
  142  8:19  Supply Depot  
  141  8:21  Barracks Reactor  
  141  8:22  Marine x2  
  141  8:23  Barracks Reactor  
  141  8:24  Supply Depot, Marine x2  
  141  8:25  Marine  
  141  8:26  Marine  
  146  8:27  Marine  
  146  8:31  Siege Tank  
  146  8:32  Supply Depot  
  146  8:33  Marine  
  151  8:34  Marine  
  151  8:39  Marine  
  151  8:40  Marine  
  154  8:42  Marine x2  
  154  8:43  Marine  
  154  8:44  Supply Depot, Marine  
  154  8:45  Marine  
  159  8:51  Marine  
  159  8:52  Marine  
  161  8:57  Marine x3  
  161  8:58  Marine x3  
  161  8:59  Marine  
  161  9:00  Marine  
  161  9:01  Medivac, Marine x2  
  173  9:03  Medivac, Siege Tank  
  173  9:04  Supply Depot, Marine x3  
  173  9:09  Marine x2  
  181  9:15  Marine x3  
  181  9:16  Marine  
  186  9:19  Marine  
  186  9:20  Marine  
  186  9:21  Command Center  
  186  9:24  Marine x3  
  187  9:25  Marine  
  187  9:27  Marine x3  
  191  9:36  Siege Tank  
  191  9:37  Marine  
  191  9:38  Marine x5  
  195  9:40  Marine x2  
  195  9:41  Marine  
  195  9:43  Marine  
  200  9:53  Refinery x2, Marine  
  200  10:06  Marine  
  200  10:10  Marine x2  
  200  10:16  Terran Infantry Weapons Level 3  
  200  10:18  Terran Vehicle Weapons Level 1  
  197  10:23  Factory  
  197  10:24  Siege Tank  
  197  10:25  Marine x8  
  178  10:30  Marine  
  178  10:31  Marine x4  
  178  10:32  Marine  
  178  10:33  Marine  
  179  10:43  Marine x8  
  179  10:48  Marine x2  
  179  10:49  Marine x3  
  192  10:50  Marine  
  192  10:51  Marine  
  192  10:56  Siege Tank  
  197  11:00  Marine  
  197  11:01  Planetary Fortress, Marine x2  
  200  11:10  Marine  
  198  11:13  SCV  
  198  11:14  Marine x2  
  198  11:15  Factory Tech Lab  
  198  11:17  Marine x4  
  199  11:21  Marine x2  
  198  11:25  Marine  
  198  11:27  Marine  
  198  11:29  Marine  
  187  11:33  Medivac  
  187  11:36  Siege Tank, Marine x5  
  187  11:39  Medivac  
  169  11:40  Siege Tank, Marine x6  
  177  11:54  SCV  
  177  11:55  Marine x2  
  177  11:58  Marine x3  
  177  11:59  Marine  
  177  12:00  Marine x2  
  185  12:04  Marine  
  185  12:08  Siege Tank  
  189  12:10  Marine  
  189  12:11  Marine x3  
  189  12:14  Siege Tank  
  193  12:16  Liberator x2  
  193  12:18  Marine x2  
  198  12:23  Command Center  
  198  12:29  Marine x2  
  180  12:30  Marine x3  
  180  12:31  Marine  
  182  12:40  Missile Turret, Siege Tank  
  182  12:49  Marine x2  
  182  12:50  Marine x4  
  169  12:51  Marine  
  169  12:52  Marine x2  
  169  12:53  Marine  
  169  12:55  Marine x2  
Tags
 
Add a new tag
Caveats
  • Supply blocks, unpowered buildings, or Contaminate may cause inaccurate times.
  • Supply counts are checked every 10 seconds.